 Dungeon Crawl Stone Soup version 0.26.1-2-gb8aa6d0cf2 (webtiles) character file.

Game seed: 14588516867653349343

770069 nightchill the Englaciator (level 27, -11/196 HPs)
             Began as a Gargoyle Fighter on Mar 4, 2021.
             Was the Champion of Okawaru.
             Killed from afar by an orb of fire (13 damage)
             ... with a bolt of fire
             ... on level 5 of the Realm of Zot on Mar 9, 2021.
             The game lasted 07:30:16 (94851 turns).

nightchill the Englaciator (Gargoyle Fighter)      Turns: 94851, Time: 07:30:17

Health: -11/196    AC: 59    Str: 18      XL:     27
Magic:  40/40      EV: 19    Int: 21 (22) God:    Okawaru [******]
Gold:   4549       SH: 22    Dex:  8      Spells: 40/52 levels left

rFire    + + +     SeeInvis +   b - +3 eveningstar (holy)
rCold    + + +     Faith    .   C - +2 kite shield of the Bull {rF+ Regen+ Int+2}
rNeg     + + .     Spirit   .   e - +7 chain mail of Leaves {rC+++ Regen+ Str-4 Int-2}
rPois    ∞         Reflect  +   L - +0 mask of the Dragon {Will+ Slay+3 SInv}
rElec    +         Harm     .   v - +1 cloak of Starlight {*Dazzle EV+4 Stlth--}
rCorr    .         Rampage  .   W - +2 pair of gloves {Str+3}
Will     +++++     Rnd*Tele +   m - +1 pair of boots
Stlth    ..........             x - amulet of Henotheism {Reflect rF+ rC+ Dex-4 SH+5 Stlth+, maybe}
HPRegen  1.22/turn              Z - ring of the Gloaming {rN+ AC+4 SInv Stlth-}
MPRegen  0.27/turn              M - ring of Uhanno {rPois Will++ Str-3 Dex+3 Stlth-}

@: heroism, flying
A: big wings, horns 2, icy blue scales 1, slimy green scales 1, blurry vision 2,
clever 1, deformed body, fire resistance 1, negative energy resistance 1, sense
surroundings 1, electricity resistance, teleportitis 1, unbreathing,
petrification resistance, miasma immunity, AC +20
}: 5/15 runes: serpentine, barnacled, slimy, silver, abyssal
a: Stop Flying, Renounce Religion, Heroism, Finesse


You were on level 5 of the Realm of Zot.
You worshipped Okawaru.
Okawaru was exalted by your worship.
You visited 11 branches of the dungeon, and saw 54 of its levels.
You visited the Abyss 14 times.
You visited 2 bazaars.
You also visited: Gauntlet, Volcano and Wizlab.

You collected 7272 gold pieces.
You spent 2723 gold pieces at shops.

Inventory:

Hand Weapons
 a - a +9 demon whip of flaming
 b - a +3 eveningstar of holy wrath (weapon)
 A - a +3 antimagic demon whip
 B - a +3 eveningstar of electrocution
Missiles
 c - 4 throwing nets
 q - 8 silver javelins
 G - 37 atropa-tipped darts (quivered)
 K - 8 curare-tipped darts
Armour
 e - the +7 chain mail of Leaves (worn) {rC+++ Regen+ Str-4 Int-2}
   (You took it off a vault guard on level 5 of the Vaults)

   It affects your strength (-4).
   It affects your intelligence (-2).
   It renders you almost immune to cold.
   It increases your rate of regeneration.
 m - a +1 pair of boots (worn)
 v - the +1 cloak of Starlight (worn) {*Dazzle EV+4 Stlth--}
   (You found it on level 3 of the Shoals)

   It affects your evasion (+4).
   It makes you much less stealthy.
 C - the +2 kite shield of the Bull (worn) {rF+ Regen+ Int+2}
   (Okawaru gifted it to you on level 3 of the Pits of Slime)

   It affects your intelligence (+2).
   It protects you from fire.
   It increases your rate of regeneration.
 L - the +0 mask of the Dragon (worn) {Will+ Slay+3 SInv}
   (You found it on level 3 of the Elven Halls)

   It affects your accuracy and damage with ranged weapons and melee attacks
   (+3).
   It affects your willpower, your defense against some magical effects.
   It lets you see invisible.
 W - a +2 pair of gloves of strength (worn)
Magical Staves
 w - an uncursed staff of cold
Jewellery
 x - the amulet of Henotheism (around neck) {Reflect rF+ rC+ Dex-4 SH+5 Stlth+, maybe}
   (You took it off a frost giant on level 5 of the Vaults)

   [amulet of reflection]

   It shields you and reflects attacks.
   It affects your dexterity (-4).
   It protects you from fire.
   It protects you from cold.
   It affects your SH (+5).
   It makes you more stealthy.
 M - the ring of Uhanno (right hand) {rPois Will++ Str-3 Dex+3 Stlth-}
   (You took it off an orc knight on level 4 of the Vaults)

   [ring of attention]

   It affects your strength (-3).
   It affects your dexterity (+3).
   It protects you from poison.
   It affects your willpower, your defense against some magical effects.
   It makes you less stealthy.
 V - an uncursed ring of resist corrosion
 Z - the ring of the Gloaming (left hand) {rN+ AC+4 SInv Stlth-}
   (You acquired it on level 2 of the Abyss)

   [ring of protection]

   It affects your AC (+4).
   It protects you from negative energy.
   It lets you see invisible.
   It makes you less stealthy.
Wands
 j - a wand of disintegration (70)
 o - a wand of iceblast (72)
 H - a wand of paralysis (45)
 J - a wand of acid (24)
 R - a wand of enslavement (19)
 X - a wand of digging (20)
 Y - a wand of polymorph (11)
Scrolls
 f - 12 scrolls of fear
 g - 3 scrolls of immolation
 i - 27 scrolls of teleportation
 n - 4 scrolls of vulnerability
 r - a scroll of silence
 s - 2 scrolls of amnesia
 D - 2 scrolls of holy word
 N - 7 scrolls of fog
 O - 2 scrolls of summoning
 P - 8 scrolls of blinking
 T - 19 scrolls of remove curse
 U - 8 scrolls of identify
Potions
 d - 5 potions of might
 h - 2 potions of resistance
 k - 3 potions of berserk rage
 l - 18 potions of curing
 p - a potion of ambrosia
 t - 4 potions of invisibility
 z - 6 potions of heal wounds
 E - 12 potions of brilliance
 F - 7 potions of magic
 I - 8 potions of haste
Miscellaneous
 u - a condenser vane
 Q - a phantom mirror
 S - a box of beasts


   Skills:
 + Level 26.0(27) Fighting
 * Level 19.6(24.6) Maces & Flails
 - Level 20.0(25.0) Armour
 + Level 13.2(18.2) Dodging
 - Level 15.0(20.0) Shields
 + Level 13.3 Spellcasting
 - Level 7.0 Translocations
 O Level 27 Ice Magic
 - Level 12.0 Invocations
 + Level 10.1 Evocations


You had 40 spell levels left.
You knew the following spells:

 Your Spells              Type           Power        Failure   Level
a - Frozen Ramparts       Ice            100%         0%          3
b - Ozocubu's Refrigerat  Ice            45%          1%          6
c - Blink                 Tloc           N/A          1%          2
d - Apportation           Tloc           86%          1%          1

Your spell library contained the following spells:

 Spells                   Type           Power        Failure   Level
 Freeze                   Ice            100%         0%          1
 Ozocubu's Armour         Ice            91%          0%          3
 Hailstorm                Conj/Ice       63%          1%          4
 Ice Form                 Ice/Tmut       63%          1%          4
 Summon Ice Beast         Ice/Summ       63%          1%          4
 Metabolic Englaciation   Hex/Ice        31%          1%          5
 Gell's Gravitas          Tloc           21%          2%          3
 Lesser Beckoning         Tloc           21%          2%          3
 Simulacrum               Ice/Necr       31%          10%         6
 Portal Projectile        Hex/Tloc       56%          11%         3
 Animate Skeleton         Necr           28%          16%         1
 Beastly Appendage        Tmut           28%          16%         1
 Corona                   Hex            15%          16%         1
 Foxfire                  Conj/Fire      56%          16%         1
 Magic Dart               Conj           56%          16%         1
 Pain                     Necr           56%          16%         1
 Sandblast                Erth           28%          16%         1
 Shock                    Conj/Air       56%          16%         1
 Sting                    Tmut/Pois      56%          16%         1
 Summon Small Mammal      Summ           56%          16%         1
 Call Imp                 Summ           14%          24%         2
 Passwall                 Tmut/Erth      11%          24%         2
 Poisonous Vapours        Pois/Air       28%          24%         2
 Slow                     Hex            14%          24%         2
 Swiftness                Air            14%          24%         2
 Wereblood                Tmut           14%          24%         2
 Call Canine Familiar     Summ           14%          43%         3
 Confusing Touch          Hex            14%          43%         3
 Conjure Flame            Conj/Fire      14%          43%         3
 Dazzling Flash           Conj/Hex       28%          43%         3
 Ignite Poison            Fire/Tmut/Pois 14%          43%         3
 Inner Flame              Hex/Fire       14%          43%         3
 Mephitic Cloud           Conj/Pois/Air  14%          43%         3
 Spider Form              Tmut/Pois      7%           43%         3
 Static Discharge         Conj/Air       14%          43%         3
 Stone Arrow              Conj/Erth      28%          43%         3
 Summon Guardian Golem    Hex/Summ       14%          43%         3
 Tukima's Dance           Hex            14%          43%         3
 Vampiric Draining        Necr           7%           43%         3
 Freezing Cloud           Conj/Ice/Air   25%          52%         6
 Summon Forest            Summ/Tloc      14%          71%         5
 Dispersal                Tloc           21%          80%         6
 Airstrike                Air            7%           83%         4
 Animate Dead             Necr           7%           83%         4
 Cause Fear               Hex            7%           83%         4
 Leda's Liquefaction      Hex/Erth       7%           83%         4
 Olgreb's Toxic Radiance  Pois           14%          83%         4
 Petrify                  Tmut/Erth      14%          83%         4
 Sticky Flame             Conj/Fire      14%          83%         4
 Summon Lightning Spire   Summ/Air       14%          83%         4
 Agony                    Necr           14%          99%         5
 Alistair's Intoxication  Tmut/Pois      9%           99%         5
 Blade Hands              Tmut           7%           99%         5
 Bolt of Magma            Conj/Fire/Erth 7%           99%         5
 Borgnjor's Vile Clutch   Necr/Erth      7%           99%         5
 Fireball                 Conj/Fire      7%           99%         5
 Irradiate                Conj/Tmut      7%           99%         5
 Lee's Rapid Deconstruct  Erth           7%           99%         5
 Lightning Bolt           Conj/Air       7%           99%         5
 Silence                  Hex/Air        7%           99%         5
 Summon Demon             Summ           7%           99%         5
 Summon Mana Viper        Hex/Summ       14%          99%         5
 Yara's Violent Unravell  Hex/Tmut       7%           99%         5
 Death Channel            Necr           7%           100%        6
 Eringya's Noxious Bog    Tmut/Pois      7%           100%        6
 Hydra Form               Tmut           7%           100%        6
 Invisibility             Hex            14%          100%        6
 Iron Shot                Conj/Erth      7%           100%        6
 Shadow Creatures         Summ           N/A          100%        6
 Starburst                Conj/Fire      7%           100%        6
 Dragon Form              Tmut           7%           100%        7
 Orb of Destruction       Conj           7%           100%        7
 Summon Hydra             Summ           7%           100%        7
 Discord                  Hex            7%           100%        8
 Disjunction              Tloc           21%          100%        8
 Ignition                 Fire           7%           100%        8
 Shatter                  Erth           7%           100%        9
 Tornado                  Air            7%           100%        9
 Sublimation of Blood     Necr           Unusable     N/A         2
 Statue Form              Tmut/Erth      Unusable     N/A         6

Dungeon Overview and Level Annotations

Branches:
Dungeon (15/15)            Temple (1/1) D:4            Lair (5/6) D:9
 Shoals (4/4) Lair:4        Snake (4/4) Lair:4        Slime (5/5) Lair:5
    Orc (2/2) D:12            Elf (3/3) Orc:2        Vaults (5/5) D:14
  Crypt (0/3) Vaults:3     Depths (5/5) D:15            Zot (5/5) Depths:5
Volcano (visited)          WizLab (visited)         Gauntlet (visited)

Altars:
Ashenzari
Cheibriados
Dithmenos
Elyvilon
Fedhas
Gozag
Hepliaklqana
Kikubaaqudgha
Makhleb
Nemelex Xobeh
Okawaru
Qazlal
Ru
Sif Muna
Trog
Uskayaw
Vehumet
Wu Jian
Xom
Yredelemnul
Zin
The Shining One
Beogh
Jiyva

Shops:
D:13 *   Orc:2 ?[([   Elf:2 *   Snake:3 :   Depths:1 :[

Portals:
Hell: Depths:1 Depths:3 Depths:4 Depths:5
Abyss: D:7 Depths:3 Depths:4
Pandemonium: Depths:2 Depths:3
Ziggurat: Depths:5

Annotations:
D:7 2 transporters, exclusion: downstairs, Goblin1989's ghost, novice DsVM
D:8 exclusion: downstairs
D:10 exclusion: downstairs
D:11 exclusion: downstairs
D:13 exclusion: 2 downstairs
D:14 1 runed translucent door, Qymaymp's ghost, adept GrEE
Lair:1 1 runed translucent door, sixsigma's ghost, journeyman GnCj
Lair:5 exclusion: 3 oklob plants
Shoals:2 exclusion: downstairs
Shoals:3 !oww
Shoals:4 !careful
Snake:4 !careful, 4 exclusions
Slime:5 2 exclusions
Vaults:3 exclusions: downstairs and 1 more exclusion
Vaults:5 !careful
Crypt:1 !manual invo if shining
Depths:1 exclusions: 3 doors and obsidian statue
Depths:2 exclusions: downstairs, hellion and 1 more exclusion
Depths:4 1 exclusion
Zot:1 2 exclusions
Zot:3 1 exclusion
Zot:4 !two oof together
Zot:5 exclusions: 2 upstairs and 1 more exclusion


Innate Abilities, Weirdness & Mutations

You are resistant to torment.
Your stone body is resilient. (AC +20)
You are immune to poison.
Your large and strong wings let you fly indefinitely.
You resist negative energy. (rN+)
You are resistant to electric shocks. (rElec)
You can survive without breathing.
You are immune to petrification.
You are immune to miasma.
You have a pair of horns on your head.
You are partially covered in icy blue scales. (AC +2)
You are partially covered in slimy green scales. (AC +2)
Scrolls take you longer to read.
Your mind is acute. (Int +2)
Armour fits poorly on your strangely shaped body.
Your flesh is heat resistant. (rF+)
You passively map a small area around you.
You are occasionally teleported next to monsters.


Message History

Your body is wracked with pain!
The Orb Guardian convulses! x3
Press: ? - help, v - describe, . - travel A permanent teleport trap.
Really read with blurry vision while enemies are nearby? [Y]es or [N]o only, please.
Really read with blurry vision while enemies are nearby?
The Orb Guardian hits you!!
* * * LOW HITPOINT WARNING * * *
The storm dragon breathes lightning at you.
The bolt of lightning hits the electric golem.
The electric golem completely resists.
The bolt of lightning hits you but does no damage.
You block the Orb Guardian's attack.
The electric golem blinks!
The Killer Klown blinks!
The Orb Guardian hits you!!
* * * LOW HITPOINT WARNING * * *
You block the yellow draconian's attack.
The quicksilver dragon disappears!
The ancient lich disappears!
The orb of fire glows red.
The bolt of fire hits you! You resist.
You die...

**,,,,,,,,,,,,,,,,,,,***
**....X.^,,,,,,,,****
▓▓1....##▓▓▓▓▓▓▓▓▓▓▓#
##...............^XX.#**
*#................##,,,,**
##..........^.......##*,,,**
#.........^....p.....#**,,,,
#........Xd...8....^.# **,,,
#§.......z*@.........# *,,,
#........XXX§........# **,,
#...^......§.........# *,,
#....^.......D.......# **,,
*#....^........§....## *,,,
##.........D......## **,,,
##..............## *,,,,
################*********
**,,** *,,,,,,,,,* **


You could see an orb of fire, a Killer Klown, an electric golem, 2 storm
dragons, an Ice Fiend (summoned), a yellow draconian, a death cob and 5 Orb
Guardians.

Vanquished Creatures
  the Royal Jelly (Slime:5)
  3 orbs of fire (Zot:4)
  Mara (Depths:1)
  2 ancient liches
  A juggernaut (Depths:4)
  The ghost of Tang the Slayer, a master DsGl of Makhleb (Vaults:4)
  Boris (Depths:5)
  Saint Roka (Vaults:2)
  Bai Suzhen (Vaults:5)
  Frederick (Vaults:4)
  A curse toe (Zot:4)
  3 Killer Klowns
  A caustic shrike (shapeshifter) (Depths:2)
  Xtahua (Vaults:3)
  Jory (Depths:3)
  12 golden dragons
  Nikola (Snake:4)
  3 profane servitors (Abyss:1)
  7 bone dragons
  Rupert (D:13)
  14 tentacled monstrosities
  A hellephant (Abyss:1)
  Jorgrun (D:13)
  18 liches
  5 titans
  4 deep elf blademasters
  5 quicksilver dragons
  22 acid blobs
  4 deep elf master archers
  2 quicksilver dragons (shapeshifter)
  Polyphemus (Shoals:2)
  6 death cobs
  5 sphinxes
  Gastronok (D:9)
  Frances (D:13)
  2 ancient champions (Vaults:4)
  2 Executioners (Abyss:1)
  A storm dragon (shapeshifter) (Depths:3)
  The ghost of unihiutale the Peltast, an adept HuWn of Ashenzari (Snake:3)
  10 tengu reavers
  Kirke (Shoals:2)
  3 shadow dragons
  41 tentacled starspawn
  Agnes (Snake:1)
  16 storm dragons
  2 revenants
  Donald (Vaults:2)
  10 nagarajas
  70 large abominations
  2 ghost moths
  3 draconian monks
  6 fire giants
  11 azure jellies
  An iron dragon (shapeshifter) (Depths:3)
  12 deep elf sorcerers
  Ilsuiw (Shoals:4)
  10 draconian knights
  7 draconian scorchers
  6 orc warlords
  2 cacodemons
  14 vault wardens
  8 frost giants
  Aizul (Snake:1)
  Louise (Snake:4)
  A balrug (Abyss:1)
  A curse skull (Vaults:3)
  2 iron dragons
  3 deep elf elementalists
  5 spriggan defenders
  5 draconian shifters
  A ghoul (Vaults:2)
  8 draconian annihilators
  21 ironheart preservers
  4 war gargoyles
  19 stone giants
  23 very ugly things
  An ophan (Abyss:1)
  5 green draconians
  3 vampire knights
  2 deep elf demonologists (Elf:3)
  6 black draconians
  9 red draconians
  2 entropy weavers
  8 yellow draconians
  A purple draconian (Zot:4)
  12 white draconians
  4 lorocyprocas
  2 merfolk javelineers (Shoals:4)
  2 spark wasps
  12 deep elf annihilators
  An ettin (shapeshifter) (Depths:3)
  Snorg (Orc:1)
  12 ettins
  2 eidola
  6 death oozes (Slime:5)
  A green death (Abyss:2)
  5 deep elf death magi
  A crystal guardian (Depths:3)
  10 merfolk impalers
  14 yaktaur captains
  82 small abominations
  A fire dragon (shapeshifter) (Depths:1)
  A blizzard demon (Abyss:1)
  15 great orbs of eyes
  4 jiangshi
  8 fire dragons
  A hell beast (Depths:1)
  5 deep elf high priests
  6 hydras
  9 naga warriors
  33 vault guards
  16 ice dragons
  A hydra (shapeshifter) (Depths:4)
  10 rakshasas
  8 boulder beetles
  A catoblepas (shapeshifter) (Depths:3)
  A catoblepas (Shoals:1)
  3 death knights
  Fannar (D:11)
  Erica (Lair:1)
  4 merfolk avatars
  2 juggernaut simulacra (Depths:3)
  8 spriggan air magi
  13 centaur warriors
  2 death yaks
  12 deep troll shamans
  4 alligator snapping turtles
  An anaconda (shapeshifter) (Depths:4)
  15 ogre magi
  12 anacondas
  9 tengu warriors
  A merfolk aquamancer (Shoals:1)
  2 vampire magi
  19 deep troll earth magi
  A hell hog (Abyss:2)
  A death yak (shapeshifter) (Vaults:5)
  43 two-headed ogres
  6 satyrs
  A queen ant (shapeshifter) (Depths:3)
  31 dancing weapons
  11 spriggan berserkers
  16 naga sharpshooters
  11 shock serpents
  7 orc high priests
  3 soul eaters
  Sonja (D:13)
  26 thrashing horrors
  A storm dragon zombie (Abyss:2)
  2 hell knights
  A fire crab (shapeshifter) (D:15)
  18 deep elf knights
  7 spatial maelstroms
  9 sun demons
  3 iron trolls
  28 wretched stars
  A storm dragon skeleton (Abyss:1)
  7 sixfirhies
  4 shadow wraiths (Abyss:1)
  5 sea snakes
  4 glowing orange brains
  5 salamander mystics
  A flayed ghost (Depths:3)
  A deep troll (shapeshifter) (Depths:3)
  A golden dragon zombie (Abyss:2)
  6 unseen horrors
  3 naga ritualists (Snake:4)
  7 deep elf archers
  A swamp dragon (Abyss:3)
  An unseen horror (shapeshifter) (Depths:4)
  5 phantasmal warriors
  15 ironbrand convokers
  51 deep trolls
  5 wizards
  A death drake (shapeshifter) (Vaults:2)
  14 harpies
  67 deep elf magi
  An anaconda skeleton (Abyss:2)
  4 wolf spiders
  9 orc sorcerers
  2 necromancers
  17 salamanders
  A shining eye (shapeshifter) (Depths:3)
  Pikel (D:7)
  3 wolf spider zombies
  5 shining eyes
  27 orc knights
  A mana viper (shapeshifter) (Depths:3)
  2 salamanders (shapeshifter)
  A mana viper (Snake:3)
  An orb spider (Abyss:4)
  13 fauns
  16 worldbinders
  An orb spider (shapeshifter) (Vaults:4)
  11 cyclopes
  2 frost giant zombies
  3 will-o-the-wisps
  A cyclops (shapeshifter) (Depths:4)
  8 manticores
  A moth of wrath (shapeshifter) (Depths:3)
  28 moths of wrath
  43 ugly things
  Joseph (Lair:1)
  9 apocalypse crabs
  A fire giant skeleton (Vaults:5)
  21 black mambas
  2 iron dragon skeletons
  4 guardian serpents
  14 vault sentinels
  4 centaur zombies
  A torpor snail (shapeshifter) (Depths:3)
  9 elephants
  11 merfolk sirens
  An eye of devastation (Slime:5)
  15 naga magi
  A black mamba (shapeshifter) (D:15)
  Maurice (D:8)
  2 rust devils
  6 water nymphs
  7 cane toads
  A water nymph (shapeshifter) (Vaults:3)
  13 orange demons
  19 smoke demons
  5 komodo dragons
  5 centaur skeletons
  A cane toad (shapeshifter) (D:13)
  Maggie (D:6)
  12 freezing wraiths
  45 yaktaurs
  A yaktaur (shapeshifter) (Depths:3)
  A catoblepas zombie (Abyss:2)
  2 kobold demonologists (Abyss:2)
  A dire elephant skeleton (Abyss:1)
  3 ice devils
  7 efreet
  9 hellwings
  A hellion (Abyss:2)
  3 tormentors
  10 trolls
  A hydra zombie (Abyss:1)
  6 tengu conjurers
  7 wind drakes
  A merfolk (shapeshifter) (Vaults:5)
  23 ancient zymes
  A polar bear (shapeshifter) (Vaults:1)
  8 red devils
  A hornet (shapeshifter) (Abyss:1)
  22 merfolk
  A meliai (shapeshifter) (D:15)
  A wind drake (shapeshifter) (Abyss:2)
  9 snapping turtles
  A fire giant simulacrum (Vaults:5)
  8 hornets
  107 slime creatures
  4 polar bears
  33 raiju
  A blink frog (shapeshifter) (Vaults:2)
  11 dream sheep
  Prince Ribbit (D:7)
  20 blink frogs
  An alligator zombie (Abyss:1)
  32 flying skulls
  2 frost giant simulacra (Abyss:2)
  3 air elementals
  A fire dragon skeleton (Abyss:1)
  A redback (Vaults:4)
  A spriggan (shapeshifter) (Vaults:1)
  3 tarantellas (Vaults:4)
  3 shadows
  2 vampires (Abyss:1)
  58 yaks
  6 wyverns
  16 ynoxinuls
  4 spriggans
  134 starcursed masses
  A tarantella (shapeshifter) (Abyss:4)
  4 hogs (Shoals:2)
  An ice dragon skeleton (Abyss:2)
  3 basilisks
  5 water elementals
  8 wraiths
  18 fire bats
  3 fire elementals
  A golden eye (shapeshifter) (Depths:4)
  A human (shapeshifter) (Depths:2)
  11 golden eyes
  12 chaos spawn
  A human simulacrum (Vaults:2)
  10 neqoxecs
  3 steam dragons
  9 vampire mosquitoes
  A yaktaur simulacrum (Vaults:1)
  2 spatial vortices
  Edmund (D:4)
  4 acid dragons
  58 nagas
  A hydra simulacrum (Abyss:2)
  17 wargs
  Menkaure (D:7)
  10 hell hounds
  14 water moccasins
  2 floating eyes
  A sky beast (shapeshifter) (Vaults:5)
  72 orc warriors
  3 ice beasts
  5 sky beasts
  18 boggarts
  A hornet zombie (D:14)
  6 eyes of draining
  5 phantoms
  5 wolves
  6 black bears
  A necrophage (D:8)
  40 ogres
  26 centaurs
  4 lemures (D:7)
  20 bullfrogs
  2 big kobolds
  Blork the orc (D:4)
  An elf skeleton (Abyss:2)
  A wyvern zombie (D:6)
  2 earth elementals
  5 scorpions
  15 killer bees
  23 wights
  2 electric eels
  6 howler monkeys
  6 lava snakes (Volcano)
  17 crimson imps
  3 bullfrog zombies
  11 iron imps
  6 hounds
  7 jellies
  16 quasits
  2 bullfrog skeletons
  29 orc priests
  29 orc wizards
  2 iguanas
  A worker ant (shapeshifter) (Depths:4)
  3 worker ants
  11 hell rats
  A killer bee zombie (D:9)
  A howler monkey zombie (D:6)
  2 worker ant zombies
  8 gnolls
  6 river rats (Lair:1)
  16 adders
  7 shadow imps
  22 white imps
  21 ufetubi
  5 oozes (D:14)
  An adder zombie (D:6)
  3 worms (D:2)
  A dart slug (D:4)
  5 leopard geckos
  159 orcs
  8 bats
  A bat zombie (D:6)
  4 giant cockroaches
  8 goblins
  5 hobgoblins
  4 jackals (D:5)
  8 quokkas
  5 frilled lizards
  A jackal skeleton (D:4)
  13 kobolds
  A leopard gecko skeleton (D:4)
  12 rats
  5 rat zombies (D:6)
  2 crawling corpses (Vaults:3)
  2 lurking horrors
  31 starspawn tentacles
3308 creatures vanquished.

Vanquished Creatures (collateral kills)
  A moth of wrath (Zot:2)
1 creature vanquished.

Vanquished Creatures (others)
  A golden dragon (Depths:2)
  A tentacled starspawn (Abyss:4)
  2 fire giants (Depths:4)
  A rakshasa (Depths:4)
  A rust devil (Abyss:3)
  A naga mage (Depths:3)
  2 small abominations (Abyss:1)
  A fire bat (Abyss:2)
  A naga (Abyss:1)
  A starcursed mass (Abyss:1)
  A boggart (Depths:1)
  A killer bee (D:12)
  A bullfrog skeleton (D:12)
  An ufetubus (Abyss:4)
  2 orcs
  2 bushes (Abyss:1)
  2 demonic plants (Abyss:1)
  14 foxfires
  23 fungi
  5 lurking horrors
  93 plants
  90 starspawn tentacles
247 creatures vanquished.

Grand Total: 3556 creatures vanquished

Notes
Turn   | Place    | Note
-------+----------+-------------------------------------------
     0 | D:1      | nightchill the Gargoyle Fighter began the quest for the
                  | Orb.
     0 | D:1      | Reached XP level 1. HP: 14/14 MP: 1/1
   167 | D:1      | Reached XP level 2. HP: 19/19 MP: 2/2
   666 | D:2      | Reached XP level 3. HP: 24/24 MP: 3/3
  1115 | D:2      | Reached XP level 4. HP: 23/29 MP: 4/4
  1887 | D:3      | Reached XP level 5. HP: 34/34 MP: 5/5
  2122 | D:3      | Found a faded altar of an unknown god.
  2363 | D:4      | Noticed an ogre
  2378 | D:4      | Killed an ogre
  2379 | D:4      | Reached skill level 5 in Maces & Flails
  2456 | D:4      | Noticed Edmund
  2459 | D:4      | Noticed a centaur
  2476 | D:4      | Killed Edmund
  2477 | D:4      | Reached skill level 5 in Fighting
  2477 | D:4      | Reached XP level 6. HP: 26/40 MP: 6/6
  2483 | D:4      | HP: 2/40 [iguana (10)]
  2796 | D:4      | Reached XP level 7. HP: 24/44 MP: 7/7
  3098 | D:4      | Found a staircase to the Ecumenical Temple.
  3193 | Temple   | Entered the Ecumenical Temple
  3520 | D:4      | Found a broken altar of Ashenzari.
  3541 | D:4      | Noticed Blork the orc
  3549 | D:4      | Killed Blork the orc
  3858 | D:3      | Found a glowing silver altar of Zin.
  3905 | D:5      | Entered Level 5 of the Dungeon
  4603 | D:5      | Found a shadowy altar of Dithmenos.
  4789 | D:5      | Reached XP level 8. HP: 40/52 MP: 8/8
  5353 | D:6      | Found a bloodstained altar of Trog.
  5359 | D:6      | Found a burning altar of Makhleb.
  5496 | D:6      | Noticed Maggie
  5522 | D:6      | Killed Maggie
  5523 | D:6      | Reached XP level 9. HP: 38/59 MP: 9/9
  5925 | D:6      | Found an ancient bone altar of Kikubaaqudgha.
  6162 | D:7      | Reached skill level 10 in Maces & Flails
  6186 | D:7      | Noticed Prince Ribbit
  6197 | D:7      | Killed Prince Ribbit
  6494 | D:7      | Found a transporter.
  6506 | D:7      | Found a one-way gate to the infinite horrors of the Abyss.
  6506 | D:7      | Found a transporter.
  6506 | D:7      | Noticed Goblin1989's ghost (novice DsVM)
  6508 | D:7      | Noticed a purple ugly thing
  6546 | D:7      | Noticed Menkaure
  6547 | D:7      | Noticed Pikel
  6594 | D:7      | Killed Menkaure
  6684 | D:7      | Killed Pikel
  6711 | D:7      | Noticed an ancient zyme
  6736 | D:7      | Identified the +6 short sword "Beetle's Funeral" {distort,
                  | rF+ Str+2}
  7065 | D:7      | Reached XP level 10. HP: 61/66 MP: 10/10
  7112 | D:7      | Found a burning altar of Makhleb.
  7310 | D:8      | Noticed Maurice
  7332 | D:8      | Killed Maurice
  7606 | D:8      | Found an iron altar of Okawaru.
  8248 | D:8      | Became a worshipper of Warmaster Okawaru
  8269 | D:8      | Reached skill level 10 in Fighting
  8395 | D:9      | Found an opulent altar of Gozag.
  8492 | D:9      | Reached skill level 1 in Invocations
  8508 | D:9      | Reached * piety under Okawaru
  8842 | D:9      | Noticed an elephant
  8877 | D:9      | Killed an elephant
  8877 | D:9      | Reached ** piety under Okawaru
  9117 | D:9      | Found a staircase to the Lair.
  9139 | D:9      | Noticed Gastronok
  9417 | D:9      | Killed Gastronok
  9417 | D:9      | Reached *** piety under Okawaru
  9417 | D:9      | Reached **** piety under Okawaru
  9418 | D:9      | Reached XP level 11. HP: 52/73 MP: 12/14
 10089 | D:9      | Found a hazy altar of Hepliaklqana.
 10116 | D:9      | Found a glowing golden altar of the Shining One.
 10133 | D:10     | Entered Level 10 of the Dungeon
 10137 | D:10     | Noticed a two-headed ogre
 10159 | D:10     | Killed a two-headed ogre
 10524 | D:10     | Reached skill level 5 in Invocations
 11214 | Lair:1   | Entered Level 1 of the Lair of Beasts
 11799 | Lair:1   | Noticed Erica
 11815 | Lair:1   | Killed Erica
 11815 | Lair:1   | Reached ***** piety under Okawaru
 11884 | Lair:1   | Noticed a six-headed hydra
 11900 | Lair:1   | Killed a six-headed hydra
 11901 | Lair:1   | Reached XP level 12. HP: 58/81 MP: 15/17
 12059 | Lair:1   | Received a gift from Okawaru
 12130 | Lair:1   | Noticed Joseph
 12167 | Lair:1   | Killed Joseph
 12424 | Lair:1   | Found a runed translucent door.
 12425 | Lair:1   | Noticed sixsigma's ghost (journeyman GnCj)
 12427 | Lair:1   | Identified the cursed +1 spear of Harmony {chaos, Fragile
                  | rPois Str+5}
 12968 | Lair:2   | Noticed a five-headed hydra
 13015 | Lair:1   | Killed a five-headed hydra
 13133 | Lair:2   | Noticed a five-headed hydra
 13194 | Lair:2   | Found a gate leading to a gauntlet.
 13206 | Gauntlet | Entered a Gauntlet
 13206 | Gauntlet | Found a transporter.
 13206 | Gauntlet | Found a transporter.
 13208 | Gauntlet | Found a transporter.
 13209 | Gauntlet | Found a transporter.
 13212 | Gauntlet | Found a transporter.
 13212 | Gauntlet | Found a transporter.
 13243 | Gauntlet | Found a transporter.
 13246 | Gauntlet | Found a transporter.
 13252 | Gauntlet | Found a runed translucent gate.
 13254 | Gauntlet | Found a transporter.
 13255 | Gauntlet | Found a runed translucent gate.
 13256 | Gauntlet | Found a runed translucent gate.
 13270 | Gauntlet | Found a transporter.
 13429 | Lair:2   | Found a dark tunnel.
 13452 | Volcano  | Entered a volcano
 13982 | Volcano  | Noticed a sun demon
 13983 | Volcano  | Received a gift from Okawaru
 14015 | Volcano  | Killed a sun demon
 14331 | Volcano  | Found a radiant altar of Vehumet.
 14354 | Volcano  | Found a bloodstained altar of Trog.
 14590 | Lair:2   | Killed a five-headed hydra
 14983 | Lair:2   | Reached skill level 10 in Invocations
 15074 | Lair:2   | Received a gift from Okawaru
 15120 | Lair:2   | Reached XP level 13. HP: 67/88 MP: 20/20
 15706 | Lair:3   | Reached skill level 5 in Shields
 15720 | Lair:3   | Reached skill level 5 in Armour
 16653 | Lair:4   | Found a staircase to the Snake Pit.
 17068 | Lair:4   | Found a staircase to the Shoals.
 17950 | Lair:5   | Received a gift from Okawaru
 17958 | Lair:5   | Got a smoking great mace {god gift}
 17959 | Lair:5   | Identified the +2 great mace of Malaise {freeze, +Fly rN+
                  | Str+3} (Okawaru gifted it to you on level 5 of the Lair of
                  | Beasts)
 18435 | Lair:5   | Gained mutation: Your large and strong wings let you fly
                  | indefinitely. [Gargoyle growth]
 18435 | Lair:5   | Reached XP level 14. HP: 58/96 MP: 20/22
 18597 | Lair:5   | Found a staircase to the Slime Pits.
 18797 | D:11     | Noticed Fannar
 18823 | D:11     | Found a shadowy altar of Dithmenos.
 19188 | D:11     | Killed Fannar
 19508 | D:11     | Identified the cursed +0 leather armour "Naugeri" {Harm
                  | rPois rF+} (You found it on level 11 of the Dungeon)
 20169 | D:12     | Found a frozen archway.
 20273 | D:12     | Found a staircase to the Orcish Mines.
 20392 | D:12     | Reached skill level 1 in Dodging
 20539 | Orc:1    | Entered Level 1 of the Orcish Mines
 20558 | Orc:1    | Paralysed by an orc sorcerer for 5 turns
 20569 | Orc:1    | Reached skill level 15 in Fighting
 20673 | Orc:1    | Noticed Snorg
 20705 | Orc:1    | Killed Snorg
 20819 | Orc:2    | Entered Level 2 of the Orcish Mines
 20819 | Orc:2    | Found a staircase to the Elven Halls.
 20918 | Orc:2    | Found a roughly hewn altar of Beogh.
 20994 | Orc:2    | Found a flickering gateway to a bazaar.
 21010 | Bazaar   | Entered a bazaar
 21029 | Bazaar   | Found Manedd's Book Shoppe.
 21037 | Bazaar   | Found Peoz's Jewellery Shop.
 21064 | Bazaar   | Found Vexubroq's General Store.
 21072 | Bazaar   | Found Ikon's Book Boutique.
 21133 | Bazaar   | Bought a book of Minor Magic for 300 gold pieces
 21159 | Bazaar   | Bought a book of Frost for 595 gold pieces
 21167 | Bazaar   | Bought an uncursed ring of willpower for 300 gold pieces
 21193 | Bazaar   | Bought a potion of heal wounds for 60 gold pieces
 21197 | Bazaar   | Learned a level 3 spell: Frozen Ramparts
 21268 | Orc:2    | Found a roughly hewn altar of Beogh.
 21295 | Orc:2    | Found Zelulat's Magic Scroll Emporium.
 21522 | Orc:2    | Reached skill level 1 in Ice Magic
 21610 | Orc:2    | Noticed an orc warlord
 21725 | Orc:1    | Killed an orc warlord
 21725 | Orc:1    | Received a gift from Okawaru
 21774 | Orc:2    | Noticed an orc warlord
 21805 | Orc:2    | Reached skill level 2 in Ice Magic
 21830 | Orc:1    | Killed an orc warlord
 22010 | Orc:2    | Found a roughly hewn altar of Beogh.
 22026 | Orc:2    | Found Zunexzil's Armour Boutique.
 22102 | Orc:2    | Found a roughly hewn altar of Beogh.
 22201 | Orc:2    | Found a roughly hewn altar of Beogh.
 22251 | Orc:2    | Noticed an orc warlord
 22289 | Orc:2    | Killed an orc warlord
 22290 | Orc:2    | Reached skill level 3 in Ice Magic
 22461 | Orc:2    | Found a roughly hewn altar of Beogh.
 22514 | Orc:2    | Found a roughly hewn altar of Beogh.
 22702 | Orc:2    | Received a gift from Okawaru
 22703 | Orc:2    | Reached XP level 15. HP: 102/103 MP: 21/24
 22794 | Orc:2    | Noticed an orc warlord
 22867 | Orc:1    | Killed an orc warlord
 22868 | Orc:1    | Reached skill level 10 in Shields
 22900 | Orc:2    | Gained mutation: You are weak. (Str -2) [a neqoxec]
 22902 | Orc:2    | Reached skill level 4 in Ice Magic
 23000 | Orc:2    | Found Pysafi's Antique Weapon Emporium.
 23000 | Orc:2    | Found a roughly hewn altar of Beogh.
 23016 | Orc:2    | Found Ypsafrof's Antique Armour Shoppe.
 23094 | Orc:2    | Bought a scroll of teleportation for 48 gold pieces
 23094 | Orc:2    | Bought a scroll of fear for 56 gold pieces
 23094 | Orc:2    | Bought a scroll of blinking for 120 gold pieces
 24030 | D:13     | Noticed Jorgrun
 24044 | D:13     | Killed Jorgrun
 24210 | D:13     | Noticed Sonja
 24221 | D:13     | Killed Sonja
 24452 | D:13     | Noticed Rupert
 24456 | D:13     | Paralysed by Rupert for 4 turns
 24475 | D:13     | Killed Rupert
 24476 | D:13     | Reached skill level 5 in Ice Magic
 24585 | D:13     | Found Qocech's General Store.
 24851 | D:13     | Noticed Frances
 24866 | D:13     | Gained mutation: Scrolls take you a little longer to read.
                  | [a neqoxec]
 24867 | D:13     | Gained mutation: Your body sometimes deteriorates upon
                  | taking damage. [a neqoxec]
 24872 | D:13     | Gained mutation: You have large cloven feet. [a neqoxec]
 24878 | D:13     | Killed Frances
 25082 | D:13     | Received a gift from Okawaru
 25106 | D:13     | Identified a scroll of acquirement
 25106 | D:13     | Acquired a manual of Ice Magic
 25627 | D:14     | Reached skill level 6 in Ice Magic
 25876 | D:14     | Found a runed translucent door.
 25877 | D:14     | Found a shimmering altar of Xom.
 25877 | D:14     | Noticed Qymaymp's ghost (adept GrEE)
 26065 | D:14     | Received a gift from Okawaru
 26066 | D:14     | Reached skill level 10 in Armour
 26314 | D:13     | Bought a scroll of brand weapon for 220 gold pieces
 26429 | D:14     | Reached skill level 7 in Ice Magic
 26783 | D:14     | Found a gate to the Vaults.
 26813 | D:14     | Received a gift from Okawaru
 26838 | D:14     | Reached skill level 8 in Ice Magic
 26862 | D:14     | Reached XP level 16. HP: 107/110 MP: 20/25
 27797 | D:15     | Entered Level 15 of the Dungeon
 27961 | D:15     | Reached skill level 9 in Ice Magic
 28090 | D:15     | Found a stormy altar of Qazlal.
 28188 | D:15     | Received a gift from Okawaru
 28195 | D:15     | Identified the +1 mace of Regudal {drain, rC+ Str+2}
                  | (Okawaru gifted it to you on level 15 of the Dungeon)
 28196 | D:15     | Found a broken altar of Ashenzari.
 28468 | D:15     | Noticed a quicksilver dragon
 28506 | D:15     | Reached skill level 10 in Ice Magic
 28528 | D:15     | Noticed a quicksilver dragon
 28536 | D:15     | Killed a quicksilver dragon
 28589 | D:15     | Found a staircase to the Depths.
 28806 | D:15     | Received a gift from Okawaru
 29265 | Shoals:1 | Entered Level 1 of the Shoals
 29333 | Shoals:1 | Reached skill level 11 in Ice Magic
 30314 | Shoals:2 | Noticed Polyphemus
 30487 | Shoals:2 | Killed Polyphemus
 30533 | Shoals:2 | Reached skill level 12 in Ice Magic
 30830 | Shoals:2 | Reached XP level 17. HP: 115/116 MP: 26/26
 31341 | Shoals:2 | Noticed Kirke
 31369 | Shoals:2 | Killed Kirke
 31369 | Shoals:2 | Received a gift from Okawaru
 31966 | Shoals:3 | Found the +1 cloak of Starlight {*Dazzle EV+4 Stlth--}
 32467 | Shoals:3 | Reached skill level 13 in Ice Magic
 33046 | Shoals:3 | Lost mutation: Scrolls take you a little longer to read.
                  | [potion of mutation]
 33046 | Shoals:3 | Lost mutation: You are weak. (Str -2) [potion of mutation]
 33046 | Shoals:3 | Gained mutation: You are occasionally teleported next to
                  | monsters. [potion of mutation]
 33046 | Shoals:3 | Gained mutation: You possess an exceptional clarity of
                  | mind. [potion of mutation]
 33046 | Shoals:3 | Gained mutation: Your spells are a little harder to cast,
                  | but a little more powerful. [potion of mutation]
 33047 | Shoals:3 | Lost mutation: You are occasionally teleported next to
                  | monsters. [potion of mutation]
 33047 | Shoals:3 | Lost mutation: Your spells are a little harder to cast, but
                  | a little more powerful. [potion of mutation]
 33047 | Shoals:3 | Lost mutation: Your body sometimes deteriorates upon taking
                  | damage. [potion of mutation]
 33047 | Shoals:3 | Gained mutation: You are weak. (Str -2) [potion of
                  | mutation]
 33047 | Shoals:3 | Gained mutation: You evolve. [potion of mutation]
 33047 | Shoals:3 | Gained mutation: You have a pair of small horns on your
                  | head. [potion of mutation]
 33132 | Lair:4   | Gained mutation: You are partially covered in rugged brown
                  | scales. (AC +1, +3% HP) [evolution]
 33151 | Snake:1  | Entered Level 1 of the Snake Pit
 33226 | Snake:1  | Noticed Aizul
 33237 | Snake:1  | Killed Aizul
 33516 | Snake:1  | Noticed Agnes
 33526 | Snake:1  | Killed Agnes
 33841 | Snake:2  | Received a gift from Okawaru
 34526 | Snake:2  | Acquired a manual of Summonings
 34534 | Snake:2  | Learned a level 6 spell: Ozocubu's Refrigeration
 34583 | Snake:3  | Received a gift from Okawaru
 34785 | Snake:3  | Identified the Collected Works on the Twisted Entourage
 34867 | Snake:3  | Reached XP level 18. HP: 124/126 MP: 24/27
 34930 | Snake:3  | Found a transporter.
 34939 | Snake:3  | Found a transporter.
 34943 | Snake:3  | Noticed unihiutale's ghost (adept HuWn)
 35005 | Snake:3  | Found Lobeet's Book Boutique.
 35026 | Snake:3  | Reached skill level 14 in Ice Magic
 35075 | Snake:3  | Reached skill level 15 in Shields
 35286 | Snake:4  | Entered Level 4 of the Snake Pit
 35565 | Snake:4  | Reached skill level 5 in Dodging
 35602 | Snake:4  | Identified the +1 robe of Ohytudoh {*Drain rCorr Str+4
                  | Dex+6} (You found it on level 4 of the Snake Pit)
 35852 | Snake:4  | Noticed Nikola
 35872 | Snake:4  | Killed Nikola
 36034 | Snake:4  | Identified the ring of Pouwn {Str+6 Dex+2 Stlth+}
 36295 | Snake:4  | Gained mutation: Your flesh is heat resistant. (rF+)
                  | [evolution]
 36369 | Snake:4  | Noticed Louise
 36395 | Snake:4  | Killed Louise
 36743 | Snake:4  | Received a gift from Okawaru
 36744 | Snake:4  | Reached skill level 15 in Ice Magic
 36856 | Snake:4  | Got a serpentine rune of Zot
 37099 | Snake:4  | Got an encrusted plate armour {god gift}
 37110 | Snake:4  | Identified the +5 plate armour "Zoizecs" {Rampage rN++
                  | Stlth+} (Okawaru gifted it to you on level 4 of the Snake
                  | Pit)
 37324 | Shoals:4 | Entered Level 4 of the Shoals
 37329 | Shoals:4 | Noticed Ilsuiw
 37392 | Shoals:4 | Killed Ilsuiw
 37675 | Shoals:4 | Identified the +8 spear "Guntoeph" {flame, rElec}
 37832 | Shoals:4 | Reached XP level 19. HP: 94/133 MP: 22/28
 37874 | Shoals:4 | Got a barnacled rune of Zot
 38214 | Shoals:4 | Reached skill level 16 in Ice Magic
 38291 | Shoals:4 | Gained mutation: You have a pair of horns on your head.
                  | [evolution]
 38397 | Shoals:4 | Found a glowing golden altar of the Shining One.
 39291 | Elf:1    | Entered Level 1 of the Elven Halls
 39309 | Elf:1    | Found a radiant altar of Vehumet.
 39314 | Elf:1    | Received a gift from Okawaru
 39377 | Elf:1    | Found a shimmering blue altar of Sif Muna.
 39463 | Elf:1    | Found a flickering gateway to a bazaar.
 39491 | Bazaar   | Entered a bazaar
 39492 | Bazaar   | Found Joceut's Assorted Antiques.
 39496 | Bazaar   | Found Dirch's Armour Emporium.
 39515 | Bazaar   | Found Tussetec's General Store.
 39523 | Bazaar   | Bought a potion of mutation for 64 gold pieces
 39523 | Bazaar   | Found Daij's Weapon Shoppe.
 39533 | Bazaar   | Found Amyep's Gadget Boutique.
 39563 | Bazaar   | Bought a scroll of acquirement for 416 gold pieces
 39729 | Elf:1    | Acquired an uncursed staff of cold
 40923 | Elf:2    | Found Voigi's Assorted Antiques.
 41027 | Elf:2    | Found a radiant altar of Vehumet.
 41315 | Elf:2    | Found a runed translucent gate.
 41315 | Elf:2    | Found a runed translucent gate.
 41315 | Elf:2    | Found a runed translucent gate.
 41642 | Elf:2    | Reached skill level 17 in Ice Magic
 42261 | Vaults:1 | Entered Level 1 of the Vaults
 42271 | Vaults:1 | Reached ****** piety under Okawaru
 42271 | Vaults:1 | Received a gift from Okawaru
 42272 | Vaults:1 | Reached XP level 20. HP: 141/141 MP: 10/29
 42429 | Vaults:1 | Identified Junyt's Almanac of Sinister Heat
 42434 | Vaults:1 | Learned a level 2 spell: Blink
 42484 | Vaults:1 | Reached skill level 1 in Translocations
 43796 | Vaults:1 | Reached skill level 18 in Ice Magic
 44073 | Vaults:2 | Noticed Saint Roka
 44156 | Vaults:2 | Killed Saint Roka
 44267 | Vaults:2 | Received a gift from Okawaru
 45661 | Vaults:2 | Noticed Donald
 45673 | Vaults:2 | Killed Donald
 45765 | Vaults:2 | Received a gift from Okawaru
 45887 | Vaults:2 | Learned a level 1 spell: Apportation
 45904 | Vaults:2 | Reached XP level 21. HP: 129/148 MP: 27/30
 45988 | Vaults:2 | Reached skill level 5 in Translocations
 46792 | Vaults:3 | Reached skill level 10 in Dodging
 46964 | Vaults:3 | Reached skill level 19 in Ice Magic
 47515 | Vaults:3 | Received a gift from Okawaru
 47525 | Vaults:3 | Lost mutation: You are weak. (Str -2) [evolution]
 47713 | Vaults:3 | Noticed Xtahua
 47917 | Vaults:3 | Received a gift from Okawaru
 48184 | Vaults:3 | Killed Xtahua
 48185 | Vaults:3 | Reached XP level 22. HP: 128/156 MP: 25/31
 48296 | Vaults:3 | Found a staircase to the Crypt.
 48407 | Vaults:3 | Received a gift from Okawaru
 48938 | Vaults:3 | Acquired a manual of Invocations
 49395 | Vaults:4 | Reached skill level 20 in Ice Magic
 50325 | Vaults:4 | Noticed Frederick
 50355 | Vaults:4 | Gained mutation: You are clumsy. (Dex -2) [mutagenic glow]
 50356 | Vaults:4 | Killed Frederick
 50395 | Vaults:4 | Gained mutation: Scrolls take you a little longer to read.
                  | [mutagenic glow]
 50409 | Vaults:4 | Gained mutation: You are very clumsy. (Dex -4) [mutagenic
                  | glow]
 50424 | Vaults:4 | Lost mutation: You have large cloven feet. [mutagenic glow]
 50722 | Vaults:4 | Found a runed translucent gate.
 50722 | Vaults:4 | Found a runed translucent gate.
 50722 | Vaults:4 | Identified the ring of Uhanno {rPois Will++ Str-3 Dex+3
                  | Stlth-}
 50723 | Vaults:4 | Found a runed translucent gate.
 50724 | Vaults:4 | Noticed Tang's ghost (master DsGl)
 51278 | Vaults:4 | Found a roughly hewn altar of Beogh.
 51360 | Vaults:4 | Killed Tang's ghost
 51360 | Vaults:4 | Received a gift from Okawaru
 51511 | Vaults:4 | Identified the +0 cloak of Darkness {+Fly rElec} (You found
                  | it on level 4 of the Vaults)
 51531 | Vaults:4 | Lost mutation: You are very clumsy. (Dex -4) [potion of
                  | mutation]
 51531 | Vaults:4 | Lost mutation: You evolve. [potion of mutation]
 51531 | Vaults:4 | Lost mutation: Scrolls take you a little longer to read.
                  | [potion of mutation]
 51531 | Vaults:4 | Lost mutation: You are clumsy. (Dex -2) [potion of
                  | mutation]
 51700 | Depths:1 | Entered Level 1 of the Depths
 51710 | Depths:1 | Found Wihu's Book Boutique.
 51715 | Depths:1 | Found Paeniaw's Antique Armour Boutique.
 51773 | Depths:1 | Found a magical portal.
 51778 | WizLab   | Entered The Hall of the Hellbinder
 52318 | Depths:1 | Received a gift from Okawaru
 52331 | Depths:1 | Found the +8 Wrath of Trog {antimagic, *Rage}
 52490 | Depths:1 | Reached XP level 23. HP: 162/162 MP: 26/32
 52499 | Depths:1 | Reached skill level 21 in Ice Magic
 52809 | Depths:1 | Identified the +1 hand axe of the Oracle {pain, Str+4}
 52855 | Depths:1 | Found a gateway to Hell.
 53005 | Depths:1 | Noticed Mara
 53017 | Depths:1 | Noticed nightchill's illusion
 53021 | Depths:1 | Killed Mara
 53188 | Depths:2 | Found a broken altar of Ashenzari.
 53332 | Depths:2 | Received a gift from Okawaru
 53662 | Depths:2 | Reached skill level 15 in Armour
 53982 | Depths:2 | Noticed a golden dragon
 54028 | Depths:2 | Killed a golden dragon
 54038 | Depths:2 | Noticed a golden dragon
 54055 | Depths:2 | Killed a golden dragon
 54339 | Depths:2 | Received a gift from Okawaru
 54448 | Depths:2 | Found a one-way gate leading to the halls of Pandemonium.
 55239 | Depths:3 | Reached skill level 22 in Ice Magic
 55317 | Depths:3 | Identified Qacet's Disquisition on Frigorific Attacks
 55327 | Depths:3 | Noticed a caustic shrike
 55349 | Depths:2 | Killed a caustic shrike
 55789 | Depths:3 | Received a gift from Okawaru
 55819 | Depths:3 | Reached XP level 24. HP: 170/170 MP: 32/32
 57479 | Elf:3    | Entered Level 3 of the Elven Halls
 59138 | Elf:3    | Identified the cursed +3 quarterstaff "Domailunk" {freeze,
                  | Str+5 Int+6 Dex-4}
 59138 | Elf:3    | Identified the cursed +1 robe "Nuutrunea" {+Fly rN+++ rCorr
                  | Slay-5}
 59561 | Elf:3    | Found the +0 mask of the Dragon {Will+ Slay+3 SInv}
 59688 | Elf:3    | Got a scorched amber ring
 59690 | Elf:3    | Got a wavering emerald amulet
 59691 | Elf:3    | Identified the ring "Eseluhuph" {rF+ rCorr MP-9 Int+7} (You
                  | found it on level 3 of the Elven Halls)
 59692 | Elf:3    | Identified the amulet "Ygupopp" {Inacc rC+} (You found it
                  | on level 3 of the Elven Halls)
 59703 | Elf:3    | Got an ancient silver ring
 59704 | Elf:3    | Identified the ring of Finnacsu {*Slow Str+6 Int+6 Dex+3}
                  | (You found it on level 3 of the Elven Halls)
 59709 | Elf:3    | Got a vibrating bronze ring
 60048 | Orc:2    | Bought a scroll of identify for 32 gold pieces
 60228 | Elf:3    | Identified the cursed ring "Ifule" {Will+ EV-4 Str+2 Dex-3}
                  | (You found it on level 3 of the Elven Halls)
 60688 | Depths:4 | Reached skill level 23 in Ice Magic
 60723 | Depths:4 | You are sucked into a shaft and drop 1 floor!
 60723 | Depths:5 | Entered Level 5 of the Depths
 60891 | Depths:5 | Received a gift from Okawaru
 60974 | Depths:5 | Identified the +5 morningstar of Hismuwk {vorpal, *Rage
                  | rPois Dex+8} (Okawaru gifted it to you on level 5 of the
                  | Depths)
 61072 | Depths:4 | Identified the +8 lajatang of Jipumpio {freeze, rN+ Int+4}
 61461 | Depths:4 | Reached XP level 25. HP: 178/178 MP: 20/32
 61461 | Depths:4 | Received a gift from Okawaru
 61570 | Depths:4 | Noticed Jory
 61595 | Depths:3 | Killed Jory
 61647 | Depths:3 | Received a gift from Okawaru
 62863 | Depths:4 | Noticed a juggernaut
 62887 | Depths:4 | Killed a juggernaut
 63426 | Depths:5 | Received a gift from Okawaru
 63468 | Depths:5 | Reached skill level 24 in Ice Magic
 63839 | Depths:5 | Found a white marble altar of Elyvilon.
 63920 | Depths:5 | Reached skill level 1 in Spellcasting
 64024 | Depths:5 | Found a gate to the Realm of Zot.
 64613 | Depths:5 | Noticed Boris
 64637 | Depths:5 | Killed Boris
 64722 | Depths:5 | Found a gateway to a ziggurat.
 66161 | Orc:2    | Bought a scroll of torment for 120 gold pieces
 66864 | Vaults:5 | Entered Level 5 of the Vaults
 66939 | Vaults:5 | Received a gift from Okawaru
 67156 | Vaults:5 | Reached XP level 26. HP: 186/186 MP: 32/32
 67335 | Vaults:5 | Identified the cursed +0 shortbow "Cauck" {vorpal, Str+2}
 67349 | Vaults:5 | Identified the +7 chain mail of Leaves {rC+++ Regen+ Str-4
                  | Int-2}
 67419 | Vaults:5 | Identified the amulet of Henotheism {Reflect rF+ rC+ Dex-4
                  | SH+5 Stlth+}
 67499 | Vaults:5 | Received a gift from Okawaru
 67673 | Vaults:5 | Identified Reekkiun's Papyrus of Bewitchment and Flames
 67765 | Vaults:5 | Noticed Bai Suzhen
 67804 | Vaults:5 | Killed Bai Suzhen
 68231 | Vaults:5 | Identified the +5 plate armour "Lofad" {rPois SInv}
 68239 | Vaults:5 | Reached skill level 15 in Maces & Flails
 68264 | Vaults:5 | Received a gift from Okawaru
 68507 | Vaults:5 | Reached skill level 5 in Spellcasting
 68919 | Vaults:5 | Got a silver rune of Zot
 69717 | Vaults:5 | Identified the +7 great mace of Karma {spect, Will+}
 69717 | Vaults:5 | Identified the +7 great mace of Karma {spect, Will+}
 69983 | Vaults:5 | Got a shimmering hat {god gift}
 69994 | Vaults:5 | Identified the +1 hat of Hangman {rPois rF- Int+2} (Okawaru
                  | gifted it to you on level 5 of the Vaults)
 70088 | Vaults:5 | Identified the cursed -1 pair of gloves of Charity {Str+5}
                  | (You found it on level 5 of the Vaults)
 70530 | Snake:3  | Reached skill level 25 in Ice Magic
 70547 | Snake:3  | Killed unihiutale's ghost
 70550 | Snake:3  | Got a crude granite ring
 70662 | Snake:3  | Identified the ring of Autotheism {*Tele rC- Str+4 Dex+3}
                  | (You found it on level 3 of the Snake Pit)
 71499 | Slime:1  | Entered Level 1 of the Pits of Slime
 71623 | Slime:3  | Reached XP level 27. HP: 186/193 MP: 8/32
 72113 | Slime:3  | Received a gift from Okawaru
 72221 | Slime:3  | Got a pitted kite shield {god gift}
 72243 | Lair:5   | Identified the +2 kite shield of the Bull {rF+ Regen+
                  | Int+2} (Okawaru gifted it to you on level 3 of the Pits of
                  | Slime)
 73349 | Slime:5  | Entered Level 5 of the Pits of Slime
 73699 | Slime:5  | Gained mutation: Your body sometimes deteriorates upon
                  | taking damage. [a shining eye]
 74726 | Slime:5  | Found a viscous altar of Jiyva.
 74765 | Slime:5  | Noticed the Royal Jelly
 74775 | Slime:5  | Killed the Royal Jelly
 74862 | Slime:5  | Identified the Disquisition on the Blistering Escort
 74875 | Slime:5  | Identified the Collected Works on Captivating Necromancy
 74914 | Slime:5  | Identified the +4 pearl dragon scales "Zappec" {rF- rN+
                  | Regen+ Str-5 SInv} (You found it on level 5 of the Pits of
                  | Slime)
 74938 | Slime:5  | Got a shimmering brass ring
 74939 | Slime:5  | Identified the ring "Botoff" {Will+ Str+6 Dex+4} (You found
                  | it on level 5 of the Pits of Slime)
 75124 | Slime:5  | Identified the ring "Castrosoe" {*Slow +Fly rElec rPois
                  | Dex+5} (You found it on level 5 of the Pits of Slime)
 75128 | Slime:5  | Got a slimy rune of Zot
 75615 | Depths:3 | Voluntarily entered the Abyss.
 75787 | Abyss:2  | Gained mutation: You are weak. (Str -2) [a neqoxec]
 75837 | Abyss:2  | Found a corrupted altar of Lugonu.
 75972 | Abyss:2  | Paralysed by accursed screaming for 1 turns
 75977 | Abyss:2  | Paralysed by accursed screaming for 1 turns
 76143 | Abyss:2  | Paralysed by accursed screaming for 2 turns
 76337 | Abyss:2  | Received a gift from Okawaru
 76352 | Abyss:2  | Got a spiked hat {god gift}
 76647 | Abyss:2  | Paralysed by accursed screaming for 1 turns
 76661 | Abyss:2  | Paralysed by accursed screaming for 1 turns
 76773 | Depths:3 | Escaped the Abyss
 76849 | Depths:3 | Voluntarily entered the Abyss.
 77533 | Abyss:1  | Found a snail-covered altar of Cheibriados.
 77559 | Abyss:1  | Found a corrupted altar of Lugonu.
 77685 | Abyss:1  | Reached skill level 26 in Ice Magic
 77756 | Abyss:2  | Found a corrupted altar of Lugonu.
 77812 | Abyss:2  | Acquired the ring of the Gloaming {rN+ AC+4 SInv Stlth-}
 77824 | Abyss:2  | Identified the +0 hat of Good Intentions {+Fly rF+++ Regen+
                  | Stlth-} (Okawaru gifted it to you on level 2 of the Abyss)
 77862 | Abyss:2  | Found a corrupted altar of Lugonu.
 77880 | Abyss:2  | Found a corrupted altar of Lugonu.
 77895 | Abyss:2  | Found a shadowy altar of Dithmenos.
 77903 | Abyss:2  | Paralysed by you for 4 turns
 78050 | Abyss:2  | Received a gift from Okawaru
 78051 | Abyss:2  | Got a warped hat {god gift}
 79010 | Abyss:3  | Paralysed by accursed screaming for 2 turns
 79022 | Abyss:3  | Paralysed by accursed screaming for 2 turns
 79255 | Abyss:3  | Paralysed by accursed screaming for 1 turns
 79937 | Depths:3 | Escaped the Abyss
 80046 | Depths:3 | Voluntarily entered the Abyss.
 80108 | Abyss:1  | Received a gift from Okawaru
 80250 | Abyss:1  | Paralysed by accursed screaming for 1 turns
 80261 | Depths:3 | Escaped the Abyss
 80300 | Depths:3 | Voluntarily entered the Abyss.
 80310 | Abyss:1  | Gained mutation: You are frail. (-10% HP) [a cacodemon]
 80319 | Abyss:1  | Reached skill level 10 in Spellcasting
 80360 | Abyss:1  | Reached skill level 1 in Evocations
 80916 | Abyss:2  | Received a gift from Okawaru
 81678 | Abyss:3  | Paralysed by you for 6 turns
 81703 | Abyss:3  | Reached skill level 27 in Ice Magic
 81794 | Abyss:3  | Got an abyssal rune of Zot
 81867 | Depths:3 | Escaped the Abyss
 81964 | Depths:3 | Identified the +0 hat of the Volcano {MP+9 SInv} (Okawaru
                  | gifted it to you on level 2 of the Abyss)
 83491 | Zot:1    | Entered Level 1 of the Realm of Zot
 84420 | Zot:1    | Received a gift from Okawaru
 84461 | Zot:1    | Identified the +2 cloak "Dazecziu" {Int+2 Dex+3 Stlth+}
                  | (Okawaru gifted it to you on level 1 of the Realm of Zot)
 84560 | Zot:1    | Reached skill level 5 in Evocations
 85338 | Zot:2    | Noticed an ancient lich
 85603 | Zot:2    | Killed an ancient lich
 87011 | Zot:3    | Received a gift from Okawaru
 87800 | Zot:3    | Received a gift from Okawaru
 87803 | Zot:3    | Identified the +1 chain mail "Taupn" {+Blink rC- Str-4
                  | Int+9} (Okawaru gifted it to you on level 3 of the Realm of
                  | Zot)
 88318 | Zot:4    | Noticed an orb of fire
 88329 | Zot:4    | Gained mutation: You are very frail. (-20% HP) [an orb of
                  | fire]
 88347 | Zot:4    | Gained mutation: Your magical capacity is low. (-10% MP)
                  | [an orb of fire]
 88350 | Zot:4    | Gained mutation: Scrolls take you a little longer to read.
                  | [an orb of fire]
 88354 | Zot:4    | Killed an orb of fire
 88357 | Zot:4    | Noticed an orb of fire
 88383 | Zot:4    | Gained mutation: You do not regenerate when monsters are
                  | visible. [an orb of fire]
 88393 | Zot:4    | Killed an orb of fire
 88457 | Zot:4    | Noticed an orb of fire
 88460 | Zot:4    | Noticed an orb of fire
 88489 | Zot:4    | Gained mutation: You are occasionally teleported next to
                  | monsters. [an orb of fire]
 88490 | Zot:4    | Killed an orb of fire
 88683 | Zot:3    | Lost mutation: You are very frail. (-20% HP) [potion of
                  | mutation]
 88683 | Zot:3    | Gained mutation: Scrolls take you longer to read. [potion
                  | of mutation]
 88683 | Zot:3    | Lost mutation: You are frail. (-10% HP) [potion of
                  | mutation]
 88714 | Zot:3    | Lost mutation: Your body sometimes deteriorates upon taking
                  | damage. [potion of mutation]
 88714 | Zot:3    | Lost mutation: You possess an exceptional clarity of mind.
                  | [potion of mutation]
 88714 | Zot:3    | Lost mutation: Your magical capacity is low. (-10% MP)
                  | [potion of mutation]
 88714 | Zot:3    | Lost mutation: Scrolls take you longer to read. [potion of
                  | mutation]
 88714 | Zot:3    | Lost mutation: You are partially covered in rugged brown
                  | scales. (AC +1, +3% HP) [potion of mutation]
 88714 | Zot:3    | Gained mutation: Your mind is acute. (Int +2) [potion of
                  | mutation]
 88714 | Zot:3    | Gained mutation: You passively map a small area around you.
                  | [potion of mutation]
 88714 | Zot:3    | Gained mutation: You are partially covered in slimy green
                  | scales. (AC +2) [potion of mutation]
 88730 | Zot:3    | Lost mutation: You are weak. (Str -2) [potion of mutation]
 88730 | Zot:3    | Lost mutation: You do not regenerate when monsters are
                  | visible. [potion of mutation]
 88730 | Zot:3    | Gained mutation: You tend to lose your temper in combat.
                  | [potion of mutation]
 88730 | Zot:3    | Gained mutation: You have sharp toenails. [potion of
                  | mutation]
 89077 | Elf:2    | Bought a scroll of teleportation for 84 gold pieces
 89077 | Elf:2    | Bought a potion of mutation for 224 gold pieces
 89077 | Elf:2    | Bought a scroll of teleportation for 84 gold pieces
 89077 | Elf:2    | Lost mutation: You tend to lose your temper in combat.
                  | [potion of mutation]
 89077 | Elf:2    | Lost mutation: Your mind is acute. (Int +2) [potion of
                  | mutation]
 89077 | Elf:2    | Gained mutation: Your mind is acute. (Int +2) [potion of
                  | mutation]
 89077 | Elf:2    | Gained mutation: You are partially covered in icy blue
                  | scales. (AC +2) [potion of mutation]
 89375 | Depths:3 | Voluntarily entered the Abyss.
 89493 | Abyss:1  | Found a corrupted altar of Lugonu.
 89518 | Abyss:1  | Found a corrupted altar of Lugonu.
 89931 | Abyss:1  | Noticed an ancient lich
 89947 | Abyss:1  | Killed an ancient lich
 90090 | Abyss:1  | Received a gift from Okawaru
 90434 | Depths:3 | Escaped the Abyss
 90446 | Depths:3 | Voluntarily entered the Abyss.
 91008 | Abyss:1  | Paralysed by accursed screaming for 1 turns
 91162 | Abyss:1  | Received a gift from Okawaru
 91304 | Abyss:1  | Paralysed by accursed screaming for 1 turns
 91460 | Depths:3 | Escaped the Abyss
 91475 | Depths:3 | Voluntarily entered the Abyss.
 92589 | Depths:3 | Escaped the Abyss
 92594 | Depths:3 | Voluntarily entered the Abyss.
 92594 | Abyss:1  | Found a corrupted altar of Lugonu.
 93160 | Abyss:1  | Found a corrupted altar of Lugonu.
 93180 | Abyss:1  | Found a corrupted altar of Lugonu.
 93194 | Abyss:1  | Paralysed by accursed screaming for 1 turns
 93288 | Depths:3 | Escaped the Abyss
 93295 | Depths:3 | Voluntarily entered the Abyss.
 93381 | Abyss:1  | Paralysed by accursed screaming for 1 turns
 93388 | Abyss:1  | Paralysed by accursed screaming for 1 turns
 93397 | Abyss:1  | Paralysed by accursed screaming for 1 turns
 93424 | Depths:3 | Escaped the Abyss
 93601 | Depths:3 | Voluntarily entered the Abyss.
 93617 | Abyss:1  | Found a corrupted altar of Lugonu.
 93626 | Abyss:1  | Found a corrupted altar of Lugonu.
 93630 | Depths:3 | Escaped the Abyss
 93632 | Depths:3 | Voluntarily entered the Abyss.
 93751 | Depths:3 | Escaped the Abyss
 93757 | Depths:3 | Voluntarily entered the Abyss.
 93823 | Depths:3 | Escaped the Abyss
 93827 | Depths:3 | Voluntarily entered the Abyss.
 93827 | Abyss:1  | Found a corrupted altar of Lugonu.
 93934 | Depths:3 | Escaped the Abyss
 93947 | Depths:3 | Voluntarily entered the Abyss.
 93979 | Abyss:1  | Gained mutation: Scrolls take you longer to read. [a
                  | neqoxec]
 93997 | Abyss:1  | Paralysed by accursed screaming for 1 turns
 94042 | Abyss:1  | Reached skill level 10 in Evocations
 94161 | Abyss:1  | Gained mutation: Armour fits poorly on your strangely
                  | shaped body. [a neqoxec]
 94308 | Abyss:2  | Received a gift from Okawaru
 94548 | Depths:3 | Escaped the Abyss
 94748 | Zot:5    | Entered Level 5 of the Realm of Zot
 94810 | Zot:5    | Noticed an ancient lich
 94817 | Zot:5    | Noticed an orb of fire
 94819 | Zot:5    | Noticed an orb of fire
 94837 | Zot:5    | Noticed an orb of fire
 94839 | Zot:5    | Lost mutation: You have sharp toenails. [an orb of fire]
 94851 | Zot:5    | HP: 2/196 [Orb Guardian (23)]
 94851 | Zot:5    | Killed from afar by an orb of fire

Illustrated notes

Levels and vault maps discovered:
D:1:      dpeg_arrival_refuge, layout_basic
D:2:      layout_basic, serial_bayou_lagoon_a
D:3:      layout_rooms, nicolae_overflow_hidden_temple,
          chequers_ecumenical_altar_island, amcnicky_mini_corridor_feature
D:4:      layout_loops_cross, ashenzari_conservatory_becter,
          minmay_temple_entry_nine_rooms, serial_bayou, serial_bayou_shore_a,
          serial_bayou_pond_a, serial_bayou_pond_a, serial_bayou_shore_b,
          uniq_edmund, uniq_blork_the_orc
D:5:      layout_rooms, nicolae_dithmenos_through_a_glass_darkly, st_stairs_3
D:6:      layout_cave_pools, lemuel_zombie_altar_kikubaaqudgha, bloody_trog,
          basic_altar, uniq_maggie
D:7:      layout_loops_ring, lemuel_coloured_pillars_altar,
          gammafunk_ghost_abyssal_escape, uniq_menkaure, uniq_pikel,
          uniq_prince_ribbit1
D:8:      wad_crossroads, layout_basic, overflow_temple_1_default, uniq_maurice
D:9:      layout_cave_pools, tso_oasis_becter, grunt_gozag_breadcrumbs,
          nzn_hepliaklqana_mist_gate, david_lair_generic, serial_column_ruins,
          column_ruins_open_small, column_ruins_columns_corner,
          column_ruins_open_large, column_ruins_open_tiny,
          column_ruins_columns_dead_end, feat_on_display, uniq_gastronok
D:10:     layout_roguey
D:11:     layout_rooms, basic_altar, uniq_fannar
D:12:     layout_cave_pools, hiddenorc1_lemuel, portal_ice_cave_entry_pillars_1,
          serial_park_tiny_pond
D:13:     layout_loops_corners, serial_shops, nicolae_shop_trees,
          minmay_misc_feat_room, uniq_frances, uniq_rupert, uniq_sonja,
          uniq_jorgrun
D:14:     layout_cave_pods, lightli_vaults_fourway_checkpoint, fountainhead,
          ebering_ghost_xom, hangedman_little_slice_of_home
D:15:     gammafunk_enter_depths_forms, layout_irregular_city, basic_altar,
          lemuel_statue_altar, grunt_ministairs_13
Temple:   nicolae_temple_hex_pool
Lair:1:   layout_cave_shapes, ebering_ghost_funeral_grove,
          kennysheep_abandoned_house, uniq_erica, uniq_joseph
Lair:2:   layout_loops_ring, gauntlet_entry_generic, enter_volcano_2,
          infiniplex_staircase_pool
Lair:3:   wander_river, layout_gridlike, grunt_megastairs_4,
          infiniplex_staircase_pool_2
Lair:4:   layout_small_grid, minmay_shoals_entry_lonely_mermaid,
          dummy_snake_entry
Lair:5:   layout_gridlike, slime_dummy, minmay_lair_oklob_chamber,
          grunt_megastairs_3
Shoals:1: layout_shoals
Shoals:2: layout_shoals, uniq_polyphemus, uniq_kirke
Shoals:3: layout_shoals
Shoals:4: shoals_end_hangedman, layout_shoals, shoals_ilsuiw_alternative,
          nicolae_shoals_circle_sea_wall, lemuel_centaur_altar
Snake:1:  layout_misc_corridors, uniq_aizul, uniq_agnes
Snake:2:  layout_layer_cave
Snake:3:  layout_rooms, serial_shops, shop, gammafunk_ghost_berserking_beasts
Snake:4:  minmay_snake_end_coiled, layout_chambers, uniq_louise, uniq_nikola
Slime:1:  cheibrodos_slime_lost_civilization_9, layout_caves
Slime:2:  layout_caves, nicolae_slime_barrier
Slime:3:  layout_caves
Slime:4:  layout_caves
Slime:5
Orc:1:    layout_caves, uniq_snorg
Orc:2:    grunt_orc_community_town_hall, layout_diamond_mine,
          grunt_orc_community_big_house_2, grunt_orc_community_big_house_1,
          grunt_orc_community_house_3, grunt_orc_community_house_1,
          grunt_orc_community_house_1, grunt_orc_community_house_1,
          grunt_orc_community_house_3, grunt_orc_community_house_2,
          serial_shops, bzr_entry_customers
Elf:1:    eino_elf_arrival_altar, layout_geoelf_diagonals, serial_shops,
          bzr_entry_gold, basic_altar, hangedman_elven_crosses_minicolossus
Elf:2:    layout_geoelf_diagonals, basic_altar, serial_shops,
          nicolae_shop_overgrown_old_shop
Elf:3:    minmay_elf_hall_statues, layout_geoelf_castle
Vaults:1: v_pattern_5, vaults_mumra_minichess_inversion, ontoclasm_vaults_shout,
          ontoclasm_vaults_shuriken, ontoclasm_vaults_decontamination,
          vaults_dpeg_encased_lava, ontoclasm_vaults_bender,
          vaults_mumra_hexcomb, vaults_room_grid, layout_vaults_ring
Vaults:2: ontoclasm_vaults_gateway, nicolae_vaults_quartermaster,
          nicolae_vaults_stairing_the_circle, nicolae_vaults_asterisk, v_misc_5,
          vaults_mumra_lcd, nicolae_vaults_big_ls,
          nicolae_vaults_yaktaur_gun_rack, v_misc_9, ontoclasm_vaults_eye,
          grunt_vaults_hallway_short, vaults_room_hallway, v_misc_13, v_misc_15,
          ontoclasm_vaults_ring_large, vaults_room_semicircle,
          nicolae_vaults_rhombus_5, layout_vaults_maze, uniq_donald,
          uniq_saint_roka
Vaults:3: grunt_vaults_focal, ontoclasm_vaults_chip, nicolae_vaults_octagons,
          minmay_crypt_entry_simple_statues, v_misc_14, dpeg_vaults_monster_row,
          nicolae_vaults_little_squares_6, ontoclasm_vaults_claustrophobia,
          hangedman_vaults_impose, v_alt_pattern_6, v_misc_5,
          grunt_vaults_swirl, nicolae_vaults_angled_halls,
          nicolae_vaults_diagonal_hallway_7, layout_vaults_omnibox, uniq_xtahua
Vaults:4: biasface_vaults_ghost_orc_armoury, nicolae_vaults_network_quinsquares
          [nicolae_vaults_network_quincunx_subvault,
          nicolae_vaults_network_quincunx_subvault,
          nicolae_vaults_network_quincunx_subvault,
          nicolae_vaults_network_quincunx_subvault], sword_in_stone, v_misc_25,
          v_misc_25, ontoclasm_vaults_ring_small,
          ontoclasm_vaults_loading_screen, nicolae_vaults_bisected_slash,
          ontoclasm_vaults_pinch, layout_vaults_omnigrid, uniq_margery
Vaults:5: uniq_bai_suzhen
Depths:1: layout_basic, minmay_misc_feat_pillars,
          grunt_hell_entry_demonic_statue, mu_enter_wizlab_2, dk_noncrumbling_2,
          minmay_guarded_unrand_wrath_of_trog, minmay_shop_star, uniq_mara
Depths:2: hangedman_arch_fort, layout_basic, hellmouth_3,
          rand_demon_pan_entry_1, ashenzari_altar_1, interstate_on_off
Depths:3: hangedman_crystal_crosses_colossus [crystal_crosses_arms_four,
          crystal_crosses_arms_four, crystal_crosses_arms_one,
          crystal_crosses_arms_one], hell_entry, abyss_entry, pan_entry
Depths:4: kennysheep_snake, layout_cave_pools, hangedman_geh_valley,
          patterned_corridor, abyss_entry, kennysheep_crisscross,
          infiniplex_staircase_zigzag_4, serial_bayou_shore_b, uniq_jory
Depths:5: evilmike_zot_entry_basic, layout_honeycomb, enter_ziggurat_e,
          old_standard_altar, hell_entry, grunt_megastairs_2, uniq_boris
Zot:1:    grunt_zot_stairs_faceoff, layout_gridlike
Zot:2:    ebering_klown_carousel, layout_basic
Zot:3:    layout_onion_interference, hangedman_zot_wheel_spokes,
          guppyfry_library_mini
Zot:4:    layout_gridlike, lemuel_lake_of_fire
Zot:5:    layout_cathedral_of_symmetry

Skill      XL: |  1  2  3  4  5  6  7  8  9 10 11 12 13 14 15 16 17 18 19 20 21 22 23 24 25 26 27 |
---------------+----------------------------------------------------------------------------------+-----
Maces & Flails | 3 4 5 6 7 9 11 13 14 15 19 | 19.6
Fighting       | 4 5 6 7 9 10 11 13 14 15 16 17 18 19 20 21 22 23 26 | 26.0
Invocations    | 4 6 10 11 12 | 12.0
Armour         | 4 7 9 10 11 12 13 14 15 16 18 20 | 20.0
Shields        | 4 7 9 11 13 14 15 | 15.0
Dodging        | 3 4 6 8 9 10 13 | 13.2
Ice Magic      | 3 8 12 13 15 17 18 19 20 22 23 24 25 27 | 27.0
Translocations | 4 7 |  7.0
Spellcasting   | 3 5 13 | 13.3
Evocations     | 10 | 10.1

Action                   |  1- 3 |  4- 6 |  7- 9 | 10-12 | 13-15 | 16-18 | 19-21 | 22-24 | 25-27 || total
-------------------------+-------+-------+-------+-------+-------+-------+-------+-------+-------++-------
Melee: Flail             |   120 |    24 |       |       |       |       |       |       |       ||   144
       Whip              |       |   104 |   439 |   953 |  1248 |       |       |       |       ||  2744
       Morningstar       |       |       |       |       |   882 |       |       |       |       ||   882
       Demon whip        |       |       |       |       |   225 |  1656 |  1257 |  1342 |  2441 ||  6921
       Headbutt          |       |       |       |       |       |   182 |   298 |   412 |  1089 ||  1981
       Eveningstar       |       |       |       |       |       |       |    68 |   261 |  3059 ||  3388
       Staff             |       |       |       |       |       |       |       |    19 |       ||    19
       Unarmed           |       |       |       |       |       |       |       |       |    10 ||    10
Throw: Javelin           |       |       |       |       |     6 |       |       |       |       ||     6
       Dart              |       |       |       |       |     1 |     1 |       |       |       ||     2
 Cast: Ozocubu's Refrige |       |       |       |       |       |       |    75 |    74 |   142 ||   291
       Apportation       |       |       |       |       |       |       |     1 |       |       ||     1
Invok: Heroism           |       |       |       |    20 |    53 |    44 |    20 |    26 |    56 ||   219
       Finesse           |       |       |       |     3 |     9 |     5 |     2 |     8 |    12 ||    39
 Abil: Fly               |       |       |       |       |     1 |       |     1 |     1 |     2 ||     5
       Stop Flying       |       |       |       |       |       |       |     1 |     2 |     1 ||     4
Evoke: Wand              |       |       |       |     3 |     2 |       |       |       |       ||     5
       Condenser vane    |       |       |       |       |     2 |     2 |       |     1 |     3 ||     8
       Phantom mirror    |       |       |       |       |     1 |       |     1 |     1 |     3 ||     6
       Box of beasts     |       |       |       |       |       |       |       |       |     2 ||     2
  Use: Potion            |       |     1 |     2 |     4 |       |     3 |     1 |     1 |    11 ||    23
       Scroll            |       |       |     9 |    16 |     8 |    15 |     8 |    18 |    36 ||   110
 Stab: Paralysed         |       |       |       |       |     2 |       |       |       |       ||     2
       Petrified         |       |       |       |       |       |     5 |       |       |       ||     5
       Confused          |       |       |       |       |       |     4 |       |       |       ||     4
       Invisible         |       |       |       |       |       |    15 |    18 |    26 |    31 ||    90
       Distracted        |       |       |       |       |       |       |       |     2 |     2 ||     4
Armor: Scale mail        |    56 |    43 |   100 |   185 |       |       |   212 |   377 |   204 ||  1177
       Skin              |       |       |    23 |       |       |       |       |       |     5 ||    28
       Chain mail        |       |       |       |    53 |   723 |   480 |    26 |       |  1511 ||  2793
Dodge: Dodged            |    39 |    31 |   132 |   379 |   714 |   401 |   332 |   590 |  1652 ||  4270
Block: Kite shield       |    57 |    59 |   130 |   297 |  1063 |   865 |   577 |   781 |  3660 ||  7489
       Reflection        |       |       |       |       |       |       |    35 |    57 |    93 ||   185
       Other             |       |       |       |       |       |       |       |       |     1 ||     1
